 Dungeon Crawl Stone Soup version 0.29-a0-993-g4a18f31a58 (webtiles) character file.

Game seed: 11127920228130434664

585 jlumianski the Grave Robber (level 7, 0/48 HPs)
             Began as a Demonspawn Necromancer on Aug 2, 2022.
             Slain by a gnoll
             ... wielding a +0 spear
             ... led by a gnoll bouda
              (7 damage)
             ... on level 5 of the Dungeon on Aug 3, 2022.
             The game lasted 00:33:16 (6226 turns).

jlumianski the Grave Robber (DsNe)                  Turns: 6226, Time: 00:33:16

Health: 0/48       AC:  3    Str:  9    XL:     7   Next: 14%
Magic:  13/13      EV: 12    Int: 18    God:
Gold:   176        SH:  0    Dex: 13    Spells: 3/14 levels left

rFire   . . .      SeeInvis .   q - +0 rapier (spect)
rCold   . . .      Faith    .   (no shield)
rNeg    . . .      Spirit   .   a - +0 robe
rPois   .          Reflect  .   (helmet restricted)
rElec   .          Harm     .   (no cloak)
rCorr   .          Rampage  .   (no gloves)
Will    +....                   (no boots)
Stlth   ++........              (no amulet)
HPRegen 0.16/turn               m - ring of wizardry
MPRegen 0.13/turn               r - ring of willpower

@: no status effects
A: horns 1, demonic guardian 1, spiny 1, sharp scales 1
a: no special abilities


You were on level 5 of the Dungeon.
You visited 1 branch of the dungeon, and saw 5 of its levels.

You collected 176 gold pieces.

Inventory:

Hand Weapons
 d - a +0 short sword
 e - a +0 spear
 q - a +0 spectral rapier (weapon)
Missiles
 h - 3 poisoned darts (quivered)
 p - a throwing net
Armour
 a - a +0 robe (worn)
Magical Staves
 g - a staff of earth
Jewellery
 c - a ring of positive energy
 m - a ring of wizardry (left hand)
 r - a ring of willpower (right hand)
Wands
 s - a wand of polymorph (10)
Scrolls
 f - a scroll of fear
 j - 2 scrolls of poison
 k - a scroll of enchant armour
 l - a scroll of teleportation
 n - 2 scrolls of noise
Potions
 b - a potion of magic
 i - a potion of might
 o - a potion of curing
 t - a potion of heal wounds {unknown}


   Skills:
 + Level 1.0 Fighting
 + Level 1.3 Short Blades
 + Level 2.1 Dodging
 + Level 3.0 Stealth
 + Level 4.4 Spellcasting
 * Level 3.8 Summonings
 + Level 5.4 Necromancy


You had 3 spell levels left.
You knew the following spells:

 Your Spells              Type           Power      Damage    Failure   Level
a - Necrotise             Necr           92%        1d8       1%          1
b - Vampiric Draining     Necr           23%        2d7       1%          3
c - Call Canine Familiar  Summ           17%        N/A       3%          3
d - Animate Dead          Necr           23%        N/A       6%          4

Your spell library contained the following spells:

 Spells                   Type           Power      Damage    Failure   Level
 Scorch                   Fire           8%         2d5       9%          2
 Gell's Gravitas          Tloc           4%         N/A       16%         3
 Portal Projectile        Hex/Tloc       8%         N/A       16%         3
 Teleport Other           Tloc           4%         N/A       16%         3
 Agony                    Necr           23%        N/A       16%         5
 Flame Wave               Conj/Fire      4%         2d5       45%         4
 Leda's Liquefaction      Hex/Erth       2%         N/A       45%         4
 Passage of Golubria      Tloc           4%         N/A       45%         4
 Manifold Assault         Tloc           4%         N/A       80%         5
 Summon Cactus Giant      Summ           8%         N/A       85%         6
 Dispersal                Tloc           2%         N/A       100%        6
 Disjunction              Tloc           2%         N/A       100%        8


Dungeon Overview and Level Annotations

Branches:
Dungeon (5/15)
 Temple: D:4-7

Altars:
Gozag
Ru
Uskayaw

Shops:
D:1 (   D:3 *   D:4 (:=[

Annotations:
D:3 flotson's ghost, amateur DsDe


Innate Abilities, Weirdness & Mutations

You have a pair of small horns on your head.
A weak demonic guardian rushes to your aid.
You are partially covered in sharp spines.
You are partially covered in razor-sharp scales. (AC +1, Slay +1)


Message History

The gnoll is struck by your spines.
You kill the gnoll!
The gnoll hits you from afar with a +0 spear.
Your Stealth skill increases to level 3!
You climb upwards.
There is a stone staircase leading down here.
Unknown command.
Magic restored.
You climb downwards.
You hear the hiss of flowing sand.
There is an entrance to an ossuary on this level.
Hurry and find it before the portal is buried!
The gnoll hits you from afar with a +0 vorpal spear!
There is a stone staircase leading up here.
The gnoll hits you with a +0 flail.
The gnoll hits you from afar with a +0 vorpal spear.
The gnoll bouda gazes fiercely through you!
You feel your attacks grow feeble.
You climb upwards.
There is a stone staircase leading down here.
You closely miss the gnoll.
Your +0 spectral rapier hits the gnoll.
The gnoll is struck by your spines. The gnoll hits you with a +0 flail.
You barely miss the gnoll.
The gnoll is moderately wounded.
Your +0 spectral rapier hits the gnoll!
Your attacks no longer feel as feeble.
The gnoll is struck by your spines. The gnoll hits you with a +0 flail.
You hit the gnoll.
You kill the gnoll!
You climb downwards.
You hear the hiss of flowing sand.
There is an entrance to an ossuary on this level.
Hurry and find it before the portal is buried!
There is a stone staircase leading up, spattered with blood here.
The gnoll hits you from afar with a +0 spear.
* * * LOW HITPOINT WARNING * * *
The gnoll is no longer moving quickly.
The gnoll bouda hits you with a +0 club!
* * * LOW HITPOINT WARNING * * *
A demonic guardian appears!
The gnoll hits you from afar with a +0 spear!
You die...

......###............
#.....#..###......##
#......## ##....## #.
##....#### ##...# #..
##......#####.[## ..g.
#..........###..# ....##
##.............#.## ......#
#.5....<.......)..#
#..gg.###.@....<..........8
#....g#g)g...............#
#....$g.....†..........##
##....................##
##...#.............###
#...#............##
..#.####.........## ...#.#
###.....### ....#.# #######


You could see a gnoll bouda, 2 gnolls and a friendly shadow imp (summoned).

Vanquished Creatures
  Blork the orc (D:4)
  A bullfrog (D:4)
  A scorpion (D:4)
  A hound (D:4)
  An iguana (D:5)
  Natasha (twice) (D:2)
  Terence (D:3)
  5 gnolls
  4 adders
  A worm (D:2)
  3 dart slugs
  10 endoplasms
  4 giant cockroaches
  6 goblins
  5 hobgoblins
  2 quokkas
  3 ball pythons
  8 bats
  5 frilled lizards
  4 kobolds
  2 rats (D:2)
70 creatures vanquished.

Vanquished Creatures (collateral kills)
  An ogre (D:5)
  An adder (D:3)
  4 worms
  A giant cockroach (D:3)
  A goblin (D:4)
  A hobgoblin (D:4)
  2 kobolds
  A rat (D:2)
12 creatures vanquished.

Grand Total: 82 creatures vanquished

Notes
Turn   | Place    | Note
-------+----------+-------------------------------------------
     0 | D:1      | jlumianski the Demonspawn Necromancer began the quest for
                  | the Orb.
     0 | D:1      | Reached XP level 1. HP: 13/13 MP: 3/3
   386 | D:1      | Gained mutation: A weak demonic guardian rushes to your
                  | aid. [demonic ancestry]
   386 | D:1      | Reached XP level 2. HP: 15/19 MP: 1/5
   558 | D:1      | Found Vogal's Antique Weapon Shoppe.
  1385 | D:2      | Reached XP level 3. HP: 16/24 MP: 2/7
  1481 | D:1      | Found a faded altar of an unknown god.
  1557 | D:1      | Learned a level 3 spell: Vampiric Draining
  1561 | D:1      | Learned a level 3 spell: Call Canine Familiar
  2235 | D:2      | Reached skill level 5 in Necromancy
  2708 | D:3      | Noticed Terence
  2987 | D:3      | Found a transporter.
  2987 | D:3      | Noticed a wight
  2988 | D:3      | Found a transporter.
  3012 | D:3      | Noticed flotson's ghost (amateur DsDe)
  3156 | D:3      | Found an opulent altar of Gozag.
  3197 | D:3      | Found Gozag's Platinum Reserve.
  3243 | D:3      | Gained mutation: You are partially covered in sharp spines.
                  | [demonic ancestry]
  3243 | D:3      | Reached XP level 4. HP: 29/31 MP: 8/8
  3323 | D:3      | Reached skill level 1 in Summonings
  3715 | D:3      | Noticed Natasha
  3875 | D:2      | Killed Natasha
  4329 | D:3      | Reached XP level 5. HP: 30/36 MP: 4/9
  4646 | D:3      | Killed Terence
  4761 | D:3      | Found a sacrificial altar of Ru.
  4951 | D:2      | Noticed Natasha
  4957 | D:2      | Killed Natasha
  5328 | D:4      | Got Vidghod's Secrets of Shifting
  5337 | D:4      | Learned a level 4 spell: Animate Dead
  5521 | D:4      | Found Saecyid's Weapon Boutique.
  5582 | D:4      | Gained mutation: You have a pair of small horns on your
                  | head. [demonic ancestry]
  5582 | D:4      | Reached XP level 6. HP: 35/42 MP: 11/11
  5741 | D:4      | Found Culoda's Jewellery Shop.
  5742 | D:4      | Found Fytsi's Book Shoppe.
  5770 | D:4      | Found Saafoonn's Armour Shoppe.
  5840 | D:4      | Found a hide-covered altar of Uskayaw.
  5898 | D:4      | Noticed Blork the orc
  5906 | D:4      | Killed Blork the orc
  5907 | D:4      | Reached skill level 1 in Short Blades
  6106 | D:5      | Entered Level 5 of the Dungeon
  6128 | D:5      | Reached skill level 1 in Fighting
  6128 | D:5      | Gained mutation: You are partially covered in razor-sharp
                  | scales. (AC +1, Slay +1) [demonic ancestry]
  6128 | D:5      | Reached XP level 7. HP: 48/48 MP: 7/13
  6226 | D:5      | Slain by a gnoll

Illustrated notes

Levels and vault maps discovered:
D:1:      saegor_arrival_simple_d, layout_basic,
          hellmonk_ecumenical_altar_pennies_from_heaven, serial_shops,
          nicolae_shop_hallway_plus
D:2:      layout_loops_ring
D:3:      layout_basic, nicolae_ru_path_of_blood,
          nicolae_gozag_zags_fifth_avenue, gammafunk_ghost_arena,
          kennysheep_another_room, uniq_terence, uniq_natasha
D:4:      layout_basic, kennysheep_little_box, serial_shops, shop,
          nicolae_shop_statue_plus, nicolae_shop_bloodbath_and_beyond, shop,
          uniq_blork_the_orc
D:5:      layout_cave_pods, lemuel_round_altar, lemuel_tele_altar,
          lightli_ossuary_entry_decrepit_ruins, kennysheep_generic_room_11

Skill      XL: |  1  2  3  4  5  6  7 |
---------------+----------------------+-----
Stealth        | 2 3 |  3.0
Necromancy     | 5 |  5.4
Summonings     | 1 2 3 |  3.8
Dodging        | 2 |  2.1
Spellcasting   | 3 4 |  4.4
Short Blades   | 1 |  1.3
Fighting       | 1 |  1.0

Action                   |  1- 3 |  4- 6 |  7- 9 || total
-------------------------+-------+-------+-------++-------
Melee: Short sword       |    55 |     4 |       ||    59
       Rapier            |       |    26 |     4 ||    30
       Headbutt          |       |     4 |       ||     4
Throw: Dart              |       |     1 |       ||     1
 Cast: Necrotise         |    59 |    11 |       ||    70
       Call Canine Famil |     1 |    18 |     1 ||    20
       Vampiric Draining |       |     1 |       ||     1
  Use: Scroll            |     5 |     5 |       ||    10
 Stab: Sleeping          |    11 |     3 |       ||    14
Armor: Robe              |    18 |     1 |       ||    19
Dodge: Dodged            |    58 |    27 |     3 ||    88

Table legend: (Time is in decaauts)
 A = Elapsed time spent in this place.
 B = Non-inter-level travel time spent in this place.
 C = Inter-level travel time spent in this place.
 D = Time resting spent in this place.
 E = Time spent auto-exploring this place.
 F = Levels seen in this place.
 G = Mean time per level.
                   A        B        C        D        E       F      G
               +--------+--------+--------+--------+--------+-----+--------+
         Total |   6263 |   6157 |    106 |    978 |   3692 |   5 | 1252.6 |
       Dungeon |   6263 |   6157 |    106 |    978 |   3692 |   5 | 1252.6 |
               +--------+--------+--------+--------+--------+-----+--------+

Top non-repeatable levels by time:
     D:2: 2008 daAuts
     D:1: 1750 daAuts
     D:3: 1350 daAuts
     D:4: 1039 daAuts
     D:5: 114 daAuts
